 Dungeon Crawl Stone Soup version 0.30-a0-219-gf2db51d15e (webtiles) character file.

Game seed: 4127122428260779629

42 Flugkiller the Vexing (level 3, -1/27 HPs)
             Began as a Mummy Hexslinger on Oct 7, 2022.
             Was an Initiate of Ashenzari.
             Slain by Natasha (7 damage)
             ... on level 1 of the Dungeon.
             The game lasted 00:01:26 (1007 turns).

Flugkiller the Vexing (Mummy Hexslinger)            Turns: 1007, Time: 00:01:27

Health: -1/27      AC:  2    Str: 13    XL:     3   Next: 35%
Magic:  5/6        EV: 12    Int: 12    God:    Ashenzari [......]
Gold:   70         SH:  0    Dex: 14    Spells: 5/6 levels left

rFire   x . .      SeeInvis .    a - +1 sling
rCold   + . .      Faith    +    (no shield)
rNeg    + + +      Spirit   .    c - +0 robe
rPois   ∞          Reflect  .    (no helmet)
rElec   .          Harm     .    (no cloak)
rCorr   +          Rampage  .    (no gloves)
Will    .....                    (no boots)
Stlth   +.........               (no amulet)
HPRegen 0.24/turn                d - ring of Ashenzari's Levity {rCorr, Fort, Alch} (curse)
MPRegen 0.10/turn                (no ring)

@: slowed, very slow
A: cold resistance 1, negative energy resistance 3, torment resistance 2, heat
vulnerability 1, in touch with death 1, no potions, faith
a: Renounce Religion, Shatter the Chains


You were on level 1 of the Dungeon.
You worshipped Ashenzari.
Ashenzari was noncommittal.
You visited 1 branch of the dungeon, and saw 2 of its levels.

You collected 70 gold pieces.

Inventory:

Hand Weapons
 a - a +1 sling (weapon)
Armour
 c - a +0 robe (worn)
Jewellery
 d - the cursed ring of Ashenzari's Levity (left hand) {rCorr, Fort, Alch}
   (You found it on level 1 of the Dungeon)

   [ring of resist corrosion]

   rCorr:     It protects you from acid and corrosion.
   It has a curse which improves the following skills: Fortitude: Armour and
   Shields.
   Alchemy:   Poison Magic and Transmutations.
Scrolls
 b - a scroll of poison
 e - a scroll of identify {unknown}
 f - a scroll of noise {unknown}
 g - a scroll of torment {unknown}


   Skills:
 + Level 1.8 Fighting
 + Level 2.0 Ranged Weapons
 - Level 1.5 Dodging
 + Level 2.3 Spellcasting
 + Level 3.1 Hexes


You had 5 spell levels left.
You knew the following spells:

 Your Spells              Type           Power      Damage    Failure   Level
a - Slow                  Hex            32%        N/A       8%          1

Your spell library contained the following spells:

 Spells                   Type           Power      Damage    Failure   Level
 Inner Flame              Hex/Fire       5%         N/A       38%         3
 Portal Projectile        Hex/Tloc       10%        N/A       38%         3
 Cause Fear               Hex            4%         N/A       58%         4


Dungeon Overview and Level Annotations

Branches:
Dungeon (2/15) Zot: 10945

Altars:
Ashenzari

Shops:
D:1 =

Annotations:
D:1 Natasha


Innate Abilities, Weirdness & Mutations

You are immune to poison.
Your flesh is cold resistant. (rC+)
You are immune to negative energy. (rN+++)
You are immune to unholy pain and torment.
You are vulnerable to heat. (rF-)
You are in touch with the powers of death.
You do not drink.
You have a special connection with the divine. (Faith)


Message History

You kill the hobgoblin!
No target in view!
Natasha and a giant cockroach come into view.
There are monsters nearby!
There are monsters nearby!
You shoot a sling bullet. The sling bullet hits Natasha.
Natasha hisses angrily.
Natasha is lightly wounded.
You shoot a sling bullet.
The sling bullet hits Natasha but does no damage.
Natasha is lightly wounded.
Natasha mumbles some strange words.
You feel disoriented.
A worm comes into view.
Natasha casts a spell at you. The magic dart hits you.
Casting: Slow (safe; 8% risk of failure)
Confirm with . or Enter, or press ? or * to list all spells.
Aiming: Slow (safe; 8% risk of failure)
Press: ? - help, Shift-Dir - straight line, f/p - Natasha
Aim: Natasha (lightly wounded, chance to affect: 46%) Natasha seems to slow down.
Natasha casts a spell.
The crimson imp blinks!
The giant cockroach attacks as you move away!
The giant cockroach bites you but does no damage.
There is a stone staircase leading up here.
You shoot a sling bullet.
The sling bullet hits the giant cockroach but does no damage.
The giant cockroach bites you but does no damage.
The giant cockroach barely misses you.
You shoot a sling bullet.
The sling bullet hits the giant cockroach.
The giant cockroach is moderately wounded.
The giant cockroach closely misses you.
Natasha casts a spell.
You shoot a sling bullet.
The sling bullet hits the giant cockroach.
You kill the giant cockroach!
The white imp gestures at you. The puff of frost hits you. You resist.
Fire: a) +1 sling
Press: ? - help, Q - select action, (/) - cycle Shift-Dir - straight line, f - Natasha
Aim: Natasha (lightly wounded, slow, 50% to hit)
You shoot a sling bullet. The sling bullet misses Natasha.
Natasha is no longer moving slowly.
The white imp gestures at you. The puff of frost hits you. You resist.
Fire: a) +1 sling
Press: ? - help, Q - select action, (/) - cycle Shift-Dir - straight line, f/p - Natasha
Aim: Natasha (lightly wounded, 50% to hit)
Okay, then.
The crimson imp disappears in a puff of smoke!
Natasha claws you.
You climb upwards.
The white imp disappears in a puff of smoke!
There is a stone staircase leading down here.
Casting: Slow (safe; 8% risk of failure)
Confirm with . or Enter, or press ? or * to list all spells.
Aiming: Slow (safe; 8% risk of failure)
Press: ? - help, Shift-Dir - straight line, f - Natasha
Aim: Natasha (lightly wounded, chance to affect: 46%) Natasha seems to slow down.
You shoot a sling bullet. The sling bullet barely misses Natasha.
Natasha claws you.
You are too injured to fight recklessly!
You are too injured to fight recklessly!
Fire: a) +1 sling
Press: ? - help, Q - select action, (/) - cycle Shift-Dir - straight line, f/p - Natasha
Aim: Natasha (lightly wounded, slow, 50% to hit)
You shoot a sling bullet. The sling bullet barely misses Natasha.
Natasha claws you!
Fire: a) +1 sling
Press: ? - help, Q - select action, (/) - cycle Shift-Dir - straight line, f/p - Natasha
Aim: Natasha (lightly wounded, slow, 50% to hit)
You shoot a sling bullet. The sling bullet hits Natasha.
Natasha is heavily wounded.
Natasha claws you.
* * * LOW HITPOINT WARNING * * *
Fire: a) +1 sling
Press: ? - help, Q - select action, (/) - cycle Shift-Dir - straight line, f/p - Natasha
Aim: Natasha (heavily wounded, slow, 50% to hit)
You shoot a sling bullet.
The sling bullet hits Natasha but does no damage.
Natasha is heavily wounded.
Natasha barely misses you.
Fire: a) +1 sling
Press: ? - help, Q - select action, (/) - cycle Shift-Dir - straight line, f/p - Natasha
Aim: Natasha (heavily wounded, slow, 50% to hit)
You shoot a sling bullet. The sling bullet hits Natasha.
Natasha is almost dead.
Natasha casts a spell at you.
You feel yourself slow down.
Fire: a) +1 sling
Press: ? - help, Q - select action, (/) - cycle Shift-Dir - straight line, f/p - Natasha
Aim: Natasha (almost dead, slow, 50% to hit)
You shoot a sling bullet.
The sling bullet closely misses Natasha.
Natasha claws you!
You die...

P#..(♣.....# #........
P#...#.....# #........
P#####.##### #######.~ ♣P♣÷♣..#
#~PP ♣♣♣♣♣.## #.P~ ......# #P~~
####### ##PP~
############################.P.P
#.............h@).............~P
#.###########################...
#.# ###. #.# ## #.# #.# ##.#
...# ##.#


You could see Natasha (slow).

Vanquished Creatures
  A dart slug (D:1)
  4 ball pythons
  An endoplasm (D:1)
  4 giant cockroaches
  5 goblins (D:1)
  3 hobgoblins
  6 kobolds
  2 quokkas
  3 bats (D:1)
  2 frilled lizards (D:1)
  5 rats
36 creatures vanquished.

Notes
Turn   | Place    | Note
-------+----------+-------------------------------------------
     0 | D:1      | Flugkiller the Mummy Hexslinger began the quest for the
                  | Orb.
     0 | D:1      | Reached XP level 1. HP: 15/15 MP: 2/2
    96 | D:1      | Reached XP level 2. HP: 8/21 MP: 0/4
   151 | D:1      | Found Entoluff's Jewellery Shop.
   239 | D:1      | Reached skill level 3 in Hexes
   464 | D:1      | Gained mutation: You are in touch with the powers of death.
                  | [Mummy growth]
   464 | D:1      | Reached XP level 3. HP: 26/26 MP: 6/6
   625 | D:1      | Found a faded altar of an unknown god.
   848 | D:1      | Prayed at the altar of an unknown god.
   848 | D:1      | Became a worshipper of Ashenzari the Shackled
   979 | D:2      | Noticed Natasha
  1007 | D:1      | Slain by Natasha

Illustrated notes

Levels and vault maps discovered:
D:1:      dpeg_arrival_lava_temple_mockup, layout_basic,
          dilly_ecumenical_altar_fadedgnrine, serial_shops,
          nicolae_shop_behind_doors, serial_bayou_lagoon_a
D:2:      layout_rooms, small_statue_intersection, minivault_4, uniq_natasha,
          uniq_sigmund

Skill      XL: |  1  2  3 |
---------------+----------+-----
Spellcasting   | 2 |  2.3
Hexes          | 3 |  3.1
Ranged Weapons | 2 |  2.0
Fighting       | |  1.8
Dodging        | |  1.5

Action                   || total
-------------------------++-------
 Fire: Sling             ||   112
 Cast: Slow              ||     8
Invok: Curse Item        ||     1
Armor: Robe              ||     8
Dodge: Dodged            ||    37

Table legend: (Time is in decaauts)
 A = Elapsed time spent in this place.
 B = Non-inter-level travel time spent in this place.
 C = Inter-level travel time spent in this place.
 D = Time resting spent in this place.
 E = Time spent auto-exploring this place.
 F = Levels seen in this place.
 G = Mean time per level.
                   A        B        C        D        E       F      G
               +--------+--------+--------+--------+--------+-----+--------+
         Total |   1053 |    916 |    137 |     65 |    616 |   2 |  526.5 |
       Dungeon |   1053 |    916 |    137 |     65 |    616 |   2 |  526.5 |
               +--------+--------+--------+--------+--------+-----+--------+

Top non-repeatable levels by time:
     D:1: 984 daAuts
     D:2: 68 daAuts
